 Dungeon Crawl Stone Soup version 0.29-a0-876-gfc89b1a5bd (webtiles) character file.

Game seed: 11117930144688703664

441 jlumianski the Chiller (level 6, -4/42 HPs)
             Began as a Demonspawn Ice Elementalist on July 19, 2022.
             Slain by a bog mummy (10 damage)
             ... in an ossuary.
             The game lasted 00:24:59 (4786 turns).

jlumianski the Chiller (DsIE)                       Turns: 4786, Time: 00:24:59

Health: -4/42      AC:  7    Str:  8    XL:     6   Next: 70%
Magic:  1/11       EV: 11    Int: 18    God:
Gold:   187        SH:  0    Dex: 14    Spells: 2/11 levels left

rFire   + . .      SeeInvis .   q - +1 rapier
rCold   + . .      Faith    .   (no shield)
rNeg    + . .      Spirit   .   e - +0 leather armour
rPois   .          Reflect  .   (no helmet)
rElec   .          Harm     .   r - scarf {rC+ rF+}
rCorr   .          Rampage  .   w - +0 pair of gloves
Will    .....                   (no boots)
Stlth   +.........              (no amulet)
HPRegen 0.14/turn               m - ring of positive energy
MPRegen 0.12/turn               (no ring)

@: very slow
A: powered by pain 1, sharp scales 3
a: no special abilities


You were in an ossuary.
You visited 1 branch of the dungeon, and saw 5 of its levels.
You also visited: Ossuary.

You collected 187 gold pieces.

Inventory:

Hand Weapons
 c - a +0 short sword
 q - a +1 rapier (weapon)
 x - a +2 short sword of venom
 z - a +1 vorpal spear
 B - a +2 spear of venom
Missiles
 d - 4 javelins (quivered)
 j - 6 curare-tipped darts
 l - 45 stones
 s - 13 poisoned darts
 A - a throwing net
Armour
 a - a +0 robe
 e - a +0 leather armour (worn)
 r - a scarf of resistance (worn)
 t - a +2 ring mail of poison resistance
 w - a +0 pair of gloves (worn)
Jewellery
 m - a ring of positive energy (left hand)
 o - a ring of see invisible
 p - a +6 ring of strength
Scrolls
 f - a scroll of vulnerability
 n - a scroll of teleportation
 u - a scroll of enchant weapon
Potions
 b - 3 potions of magic
 g - a potion of berserk rage {unknown}
 i - a potion of cancellation {unknown}
 k - a potion of attraction
 v - a potion of brilliance


   Skills:
 + Level 0.4 Fighting
 + Level 1.3 Short Blades
 + Level 0.1 Throwing
 + Level 2.2 Armour
 + Level 2.2 Dodging
 + Level 2.9 Stealth
 + Level 3.4 Spellcasting
 + Level 5.3 Ice Magic


You had 2 spell levels left.
You knew the following spells:

 Your Spells              Type           Power      Damage    Failure   Level
a - Freeze                Ice            88%        1d10      2%          1
b - Frozen Ramparts       Ice            44%        1d6       8%          3
c - Ozocubu's Armour      Ice            22%        N/A       8%          3
d - Ensorcelled Hibernat  Hex/Ice        24%        N/A       11%         2

Your spell library contained the following spells:

 Spells                   Type           Power      Damage    Failure   Level
 Magic Dart               Conj           12%        1d3       22%         1
 Sandblast                Erth           6%         2d5       22%         1
 Call Imp                 Summ           3%         N/A       32%         2
 Mephitic Cloud           Conj/Pois/Air  3%         N/A       54%         3
 Spider Form              Tmut/Pois      3%         N/A       54%         3
 Hailstorm                Conj/Ice       12%        3d5       58%         4
 Anguish                  Hex/Necr       1%         N/A       91%         4
 Corpse Rot               Necr/Pois/Air  3%         N/A       91%         4
 Silence                  Hex/Air        1%         N/A       99%         5
 Ozocubu's Refrigeration  Ice            11%        4d7       100%        7
 Maxwell's Capacitive Co  Air            1%         ∞         100%        8


Dungeon Overview and Level Annotations

Branches:
Dungeon (5/15)            Ossuary (1/1)
 Temple: D:4-7

Altars:
Fedhas
Hepliaklqana
Nemelex Xobeh
Ru
Sif Muna
Uskayaw


Innate Abilities, Weirdness & Mutations

You sometimes gain a little power by taking damage.
You are completely covered in razor-sharp scales. (AC +3, Slay +3)


Message History

The howler monkey zombie hits you but does no damage.
The centaur zombie closely misses you.
The centaur zombie kicks you but does no damage.
The bullfrog zombie hits you but does no damage.
Unknown command.
You hit the bullfrog zombie.
The bullfrog zombie is lightly damaged.
The centaur zombie hits you but does no damage.
The centaur zombie barely misses you.
The bullfrog zombie hits you but does no damage.
The howler monkey zombie hits you but does no damage.
The mummy closely misses you. The centaur zombie barely misses you.
The centaur zombie kicks you but does no damage.
The bullfrog zombie hits you.
* * * LOW HITPOINT WARNING * * *
Casting: Freeze (safe; 2% risk of failure)
Confirm with . or Enter, or press ? or * to list all spells.
Casting: Frozen Ramparts (dangerous; 8% risk of failure)
Press: ? - help, Dir - look around, f - activate The walls around you are covered in ice.
Your surroundings suddenly seem different.
Your icy armour cracks and falls away as you move.
The frozen ramparts melt away as you move.
Splash!
You fall into the shallow water.
Moving in this stuff is going to be slow. 3 bog mummies, a bullfrog zombie, 5 mummies and 3 centaur zombies come into view.
Found seven items.
The mummy barely misses you. The bog mummy casts a spell at you.
You resist with some effort.
A mummy comes into view.
You enter the shallow water.
Moving in this stuff is going to be slow.
A centaur zombie and a bog mummy come into view.
A bullfrog zombie comes into view.
You enter the shallow water.
Moving in this stuff is going to be slow.
The centaur zombie completely misses you.
The centaur zombie barely misses you. The bog mummy hits you!
You die...

### #≈# #### #≈#
##≈≈###≈#####
#≈#≈≈P#M≈.≈.
#≈≈≈≈.#Z#Z#≈#'#'
#≈#P.≈MMMMZM.M..
#≈Z#M##M##'##Z#
##P@M#!??#
##≈≈#=??#
.Z.#?!?#
###≈##### '..
#.## ##### .#
#∩..# .# #.∩.# #
#...#


You could see 2 mummies, 3 bog mummies, a bullfrog zombie and 2 centaur zombies.

Vanquished Creatures
  Sigmund (D:1)
  An orc priest (D:2)
  A centaur zombie (Ossuary)
  Jessica (D:3)
  An orc wizard (D:3)
  3 mummies
  An adder (D:4)
  3 gnolls (D:4)
  2 worms
  4 dart slugs
  5 orcs
  6 endoplasms
  3 goblins (D:2)
  3 hobgoblins
  2 jackals (D:4)
  9 kobolds
  3 quokkas
  9 ball pythons
  6 bats
  4 frilled lizards (D:1)
  A goblin zombie (D:5)
  An orc zombie (D:5)
  4 rats
74 creatures vanquished.

Vanquished Creatures (others)
  2 withered plants (Ossuary)
2 creatures vanquished.

Grand Total: 76 creatures vanquished

Notes
Turn   | Place    | Note
-------+----------+-------------------------------------------
     0 | D:1      | jlumianski the Demonspawn Ice Elementalist began the quest
                  | for the Orb.
     0 | D:1      | Reached XP level 1. HP: 13/13 MP: 3/3
   446 | D:1      | Reached skill level 4 in Ice Magic
   446 | D:1      | Gained mutation: You are partially covered in razor-sharp
                  | scales. (AC +1, Slay +1) [demonic ancestry]
   446 | D:1      | Reached XP level 2. HP: 19/19 MP: 3/5
   610 | D:3      | Found a hide-covered altar of Uskayaw.
   623 | D:3      | Found a sacrificial altar of Ru.
   714 | D:4      | Got Sif Muna's Volume of the Chthonic Tempest
  1455 | D:1      | Gained mutation: You sometimes gain a little power by
                  | taking damage. [demonic ancestry]
  1455 | D:1      | Reached XP level 3. HP: 24/24 MP: 4/6
  1459 | D:1      | Learned a level 3 spell: Frozen Ramparts
  2044 | D:2      | Found a hazy altar of Hepliaklqana.
  2045 | D:2      | Noticed Sigmund
  2138 | D:1      | Killed Sigmund
  2139 | D:1      | Reached skill level 1 in Short Blades
  2139 | D:1      | Reached skill level 1 in Armour
  2139 | D:1      | Gained mutation: You are mostly covered in razor-sharp
                  | scales. (AC +2, Slay +2) [demonic ancestry]
  2139 | D:1      | Reached XP level 4. HP: 12/31 MP: 0/8
  2139 | D:1      | Gained mutation: You are completely covered in razor-sharp
                  | scales. (AC +3, Slay +3) [demonic ancestry]
  2139 | D:1      | Reached XP level 5. HP: 14/36 MP: 0/9
  2387 | D:2      | Learned a level 3 spell: Ozocubu's Armour
  2390 | D:2      | Learned a level 2 spell: Ensorcelled Hibernation
  3191 | D:3      | Noticed Jessica
  3198 | D:3      | Killed Jessica
  3199 | D:3      | Reached XP level 6. HP: 42/42 MP: 6/10
  3345 | D:3      | Found a sparkling altar of Nemelex Xobeh.
  3345 | D:3      | Found a blossoming altar of Fedhas.
  3742 | D:3      | Found a shimmering blue altar of Sif Muna.
  3751 | D:3      | Reached skill level 5 in Ice Magic
  4552 | D:5      | Entered Level 5 of the Dungeon
  4636 | D:5      | Found a sand-covered staircase.
  4660 | Ossuary  | Entered an ossuary
  4786 | Ossuary  | Slain by a bog mummy

Illustrated notes

Levels and vault maps discovered:
D:1:      heliophobic_arrival_ceremonial_halls, layout_basic, eino_curves_04
D:2:      layout_loops_ring, basic_altar, uniq_sigmund
D:3:      layout_rooms, kennysheep_orc_sif_temple, grunt_temple_overflow_open,
          gammafunk_temple_overflow_elements, minmay_misc_feat_alley,
          uniq_jessica
D:4:      layout_basic, temple_pool_b
D:5:      layout_cave_pools, nicolae_ossuary_entry_giza
Ossuary:  ossuary_zaba_flooded

Skill      XL: |  1  2  3  4  5  6 |
---------------+-------------------+-----
Ice Magic      | 4 5 |  5.3
Short Blades   | 1 |  1.3
Armour         | 1 2 |  2.2
Dodging        | 2 |  2.2
Stealth        | 2 |  2.9
Spellcasting   | 3 |  3.4
Fighting       | |  0.4
Throwing       | |  0.1

Action                   |  1- 3 |  4- 6 || total
-------------------------+-------+-------++-------
Melee: Short sword       |     9 |    23 ||    32
       Rapier            |    20 |    39 ||    59
Throw: Stone             |     6 |       ||     6
       Javelin           |       |     2 ||     2
 Cast: Freeze            |    41 |     9 ||    50
       Frozen Ramparts   |     3 |    26 ||    29
       Ozocubu's Armour  |       |     3 ||     3
       Ensorcelled Hiber |       |     1 ||     1
  Use: Scroll            |       |     9 ||     9
       Potion            |       |     2 ||     2
 Stab: Sleeping          |     2 |     2 ||     4
Armor: Robe              |     3 |       ||     3
       Leather armour    |    14 |    48 ||    62
Dodge: Dodged            |    45 |    53 ||    98

Table legend: (Time is in decaauts)
 A = Elapsed time spent in this place.
 B = Non-inter-level travel time spent in this place.
 C = Inter-level travel time spent in this place.
 D = Time resting spent in this place.
 E = Time spent auto-exploring this place.
 F = Levels seen in this place.
 G = Mean time per level.
                   A        B        C        D        E       F      G
               +--------+--------+--------+--------+--------+-----+--------+
         Total |   4814 |   4720 |     94 |   1113 |   2186 |   6 |  802.3 |
       Dungeon |   4683 |   4589 |     94 |   1032 |   2186 |   5 |  936.6 |
       Ossuary |    130 |    130 |      0 |     81 |      0 |   1 |  130.0 |
               +--------+--------+--------+--------+--------+-----+--------+

Top non-repeatable levels by time:
     D:1: 1765 daAuts
     D:3: 1273 daAuts
     D:2: 1120 daAuts
     D:4: 446 daAuts
 Ossuary: 130 daAuts
     D:5: 78 daAuts
